 Dungeon Crawl Stone Soup version 0.30-a0-737-gf23d94013f (webtiles) character file.

Game seed: 8841037275401875172

2084 M4edhros the Martial Artist (level 9, 0/79 HPs)
             Began as an Octopode Transmuter on Feb 2, 2023.
             Slain by a centaur (1 damage)
             ... on level 6 of the Dungeon.
             The game lasted 00:08:25 (5453 turns).

M4edhros the Martial Artist (Octopode Transmuter)   Turns: 5453, Time: 00:08:25

Health: 0/79       AC:  2    Str: 19    XL:     9   Next: 27%
Magic:  29/30      EV: 29    Int: 15    God:
Gold:   85         SH:  0    Dex: 20    Spells: 3/12 levels left

rFire   + . .      SeeInvis .      - Unarmed
rCold   . . .      Faith    .    (shield currently unavailable)
rNeg    + . .      Spirit   .    (helmet currently unavailable)
rPois   x          Reflect  .    m - amulet of the acrobat
rElec   .          Harm     .    d - ring of magical power
rCorr   .          Rampage  .    l - ring of protection from fire
Will    .....                    w - ring of positive energy Stlth
                                 e - +5 ring of evasion
HPRegen 0.33/turn                r - +6 ring of strength
MPRegen 0.22/turn                x - ring of magical power
                                 (no ring)
                                 (no ring)

@: berserking (expiring), spider-form, very quick
A: venomous fangs, almost no armour, (amphibious), 8 rings, tiny, (camouflage
1), (gelatinous body 1), (nimble swimmer 1), (tentacles), strong 1, (heat
vulnerability 1)
a: End Transformation


You were on level 6 of the Dungeon.
You were a venomous arachnid creature.
You visited 2 branches of the dungeon, and saw 7 of its levels.
You also visited: Ossuary.

You collected 523 gold pieces.
You spent 432 gold pieces at shops.
You donated 6 gold pieces to Zin.

Inventory:

Missiles
 g - 2 throwing nets
 i - 15 poisoned darts
Jewellery
 d - a ring of magical power (left front pincers)
 e - a +5 ring of evasion (on tentacle)
 l - a ring of protection from fire (right front pincers)
 m - an amulet of the acrobat (around neck)
 r - a +6 ring of strength (on tentacle)
 w - a ring of positive energy (on tentacle)
 x - a ring of magical power (on tentacle)
Wands
 o - a wand of polymorph (14)
 q - a wand of flame (2)
Scrolls
 b - a scroll of enchant weapon
 f - a scroll of magic mapping {unknown}
 j - a scroll of silence
 u - a scroll of enchant armour
Potions
 a - 2 potions of cancellation
 c - 3 potions of haste
 h - 3 potions of heal wounds
 k - 2 potions of berserk rage
 n - 2 potions of brilliance
 p - 2 potions of resistance
 s - 4 potions of attraction
 t - a potion of degeneration {unknown}
 v - a potion of might
 z - a potion of ambrosia {unknown}


   Skills:
 - Level 1.0 Fighting
 + Level 6.2 Dodging
 + Level 9.5 Unarmed Combat
 - Level 2.0 Spellcasting
 - Level 4.0 Transmutations
 - Level 4.0 Poison Magic


You had 3 spell levels left.
You knew the following spells:

 Your Spells              Type           Power      Damage    Failure   Level
a - Beastly Appendage     Tmut           26%        N/A       13%         1
b - Spider Form           Tmut/Pois      13%        N/A       30%         3
c - Poisonous Vapours     Pois/Air       14%        N/A       32%         2
d - Mephitic Cloud        Conj/Pois/Air  5%         N/A       58%         3

Your spell library contained the following spells:

 Spells                   Type           Power      Damage    Failure   Level
 Wereblood                Tmut           13%        N/A       17%         2
 Passwall                 Tmut/Erth      5%         N/A       32%         2
 Cigotuvi's Dreadful Rot  Necr/Pois/Air  10%        N/A       41%         2
 Sandblast                Erth           2%         2d4       43%         1
 Shock                    Conj/Air       4%         1d3       43%         1
 Frozen Ramparts          Ice            2%         1d1       75%         3
 Stone Arrow              Conj/Erth      2%         3d7       75%         3
 Swiftness                Air            1%         N/A       75%         3
 Tukima's Dance           Hex            1%         N/A       75%         3
 Ice Form                 Ice/Tmut       7%         N/A       85%         4
 Airstrike                Air            0%         2d(1-17)  98%         4
 Passage of Golubria      Tloc           1%         N/A       98%         4
 Summon Ice Beast         Ice/Summ       1%         N/A       98%         4
 Yara's Violent Unravell  Hex/Tmut       3%         3d4       99%         5


Dungeon Overview and Level Annotations

Branches:
Dungeon (6/15)             Temple (1/1) D:4         Ossuary (visited)

Altars:
Fedhas
Kikubaaqudgha
Nemelex Xobeh
Okawaru
Qazlal
Sif Muna
Uskayaw
Vehumet
Wu Jian
Yredelemnul
Zin

Shops:
D:4 (   D:5 =


Innate Abilities, Weirdness & Mutations

You are a venomous arachnid creature.
You have venomous fangs.
You are tiny and dextrous.
Your spellcasting is less reliable in this form.
Your armour is entirely melded.
You are incapable of wielding weapons or throwing items.
You cannot wear most types of armour.
((You are amphibious.))
You can wear up to eight rings at the same time.
((Your skin changes colour to match your surroundings (Stealth+).))
((Your rubbery body absorbs attacks. (AC +1, EV +1)))
((You are camouflaged when in or above water. (Stealth+)))
((You have tentacles for arms and can constrict up to eight enemies at once.))
Your muscles are strong. (Str +4, Int/Dex -1)
((You are vulnerable to heat. (rF-)))


Message History

The yak is almost dead.
You kill the yak!
The yak gores you.
* * * LOW HITPOINT WARNING * * *
The yak completely misses you. The ufetubus completely misses you.
The ufetubus hits you.
* * * LOW HITPOINT WARNING * * *
The centaur misses you. The centaur completely misses you.
You maul the ogre!!
The ogre looks as sick as possible!
The ogre is severely wounded.
The ufetubus misses you. The ufetubus completely misses you.
The ogre misses you. The yak closely misses you. The yak completely misses you.
You bite the ogre!
The ogre looks as sick as possible!
The ogre is almost dead.
The centaur barely misses you. The centaur completely misses you.
The ufetubus completely misses you. The ufetubus barely misses you.
You bite the yak!
The yak looks as sick as possible!
The yak is heavily wounded.
You kill the ogre!
The centaur barely misses you.
The centaur kicks you but does no damage.
The yak barely misses you. The yak completely misses you.
The ufetubus closely misses you. The ufetubus completely misses you.
Your Dodging skill increases to level 6!
You bite the yak!
The yak looks as sick as possible!
The yak is almost dead.
The centaur completely misses you. x2; The ufetubus completely misses you.
The ufetubus closely misses you.
Unknown command.
You bite the yak!
The yak looks as sick as possible!
The yak is moderately wounded.
You kill the yak!
The centaur completely misses you. x2; The yak gores you!
* * * LOW HITPOINT WARNING * * *
You maul the centaur!!
The centaur looks as sick as possible!
The centaur is almost dead.
The ufetubus completely misses you. x2; The centaur hits you.
* * * LOW HITPOINT WARNING * * *
The centaur kicks you.
You die...

....#...#####....#
#..##...# ##...#####
##..##..# #.....#..#
.#.##.....###.......#
...# ##............##
...# .#..........##
....# ##..###...#..#
###.... #.. ##..c.##
# ##..#.# ##s...# #
..........5Y)......
#....
...#..........##..
..... ..####.......#
. ....... #.......#
....... ##......#
....... # ##...#..
...... .# ......##
....# ...


You could see a yak (extremely poisoned), a centaur (extremely poisoned) and an
ufetubus.

Vanquished Creatures
  2 yaks (D:6)
  A water moccasin (D:6)
  2 ice beasts
  2 black bears
  A centaur (D:5)
  2 ogres
  2 phantoms (D:5)
  A necrophage (D:6)
  2 scorpions (D:5)
  6 hounds
  A jelly (D:4)
  A gnoll bouda (D:5)
  An orc priest (D:5)
  3 iguanas
  3 orc wizards
  8 mummies (Ossuary)
  4 gnolls
  3 adders
  4 ufetubi
  4 dart slugs
  12 orcs
  7 bats
  11 endoplasms
  3 giant cockroaches (D:3)
  2 gnoll zombies (Ossuary)
  4 goblins
  7 hobgoblins
  2 jackals (D:2)
  4 quokkas
  9 ball pythons
  3 frilled lizards
  2 hobgoblin zombies (Ossuary)
  5 kobolds
  2 kobold zombies (Ossuary)
  2 orc zombies (Ossuary)
  25 rats
  A butterfly (D:4)
154 creatures vanquished.

Notes
Turn   | Place    | Note
-------+----------+-------------------------------------------
     0 | D:1      | M4edhros the Octopode Transmuter began the quest for the
                  | Orb.
     0 | D:1      | Reached XP level 1. HP: 13/13 MP: 3/3
   101 | D:1      | Reached XP level 2. HP: 18/18 MP: 5/5
   365 | D:2      | Reached XP level 3. HP: 10/23 MP: 6/6
   372 | D:2      | Learned a level 3 spell: Spider Form
   605 | D:4      | Reached skill level 1 in Poison Magic
   605 | D:4      | Reached XP level 4. HP: 16/28 MP: 7/7
   726 | D:4      | Reached skill level 4 in Unarmed Combat
   764 | D:4      | Found a staircase to the Ecumenical Temple.
   773 | Temple   | Entered the Ecumenical Temple
   831 | Temple   | Became a worshipper of Zin the Law-Giver
   840 | D:4      | Fell from the grace of Zin
  1382 | D:1      | Reached XP level 5. HP: 26/33 MP: 8/8
  1993 | D:3      | Found a faded altar of an unknown god.
  2126 | D:3      | Found a sparkling altar of Nemelex Xobeh.
  2428 | D:4      | Reached skill level 5 in Unarmed Combat
  2646 | D:4      | Reached XP level 6. HP: 38/38 MP: 9/9
  2761 | D:4      | Reached skill level 6 in Unarmed Combat
  3040 | D:4      | Found Iniud's Antique Weapon Shop.
  3192 | D:4      | Noticed a black bear
  3220 | D:4      | Killed a black bear
  3221 | D:4      | Reached skill level 7 in Unarmed Combat
  3221 | D:4      | Reached XP level 7. HP: 20/43 MP: 10/10
  3407 | D:5      | Entered Level 5 of the Dungeon
  3489 | D:5      | Found a sand-covered staircase.
  3498 | Ossuary  | Entered an ossuary
  3514 | Ossuary  | Gained mutation: You are vulnerable to heat. (rF-) [potion
                  | of mutation]
  3514 | Ossuary  | Gained mutation: Your muscles are strong. (Str +4, Int/Dex
                  | -1) [potion of mutation]
  4114 | D:5      | Found an ornate altar of the Wu Jian Council.
  4138 | D:5      | Reached XP level 8. HP: 5/48 MP: 11/11
  4318 | D:5      | Found Zoeggeth's Jewellery Emporium.
  4405 | D:5      | Bought a +5 ring of evasion for 432 gold pieces
  4506 | D:5      | Reached skill level 8 in Unarmed Combat
  4641 | D:5      | Learned a level 2 spell: Poisonous Vapours
  4645 | D:5      | Learned a level 3 spell: Mephitic Cloud
  5162 | D:6      | Reached skill level 5 in Dodging
  5217 | D:6      | Reached skill level 9 in Unarmed Combat
  5217 | D:6      | Reached XP level 9. HP: 31/53 MP: 12/12
  5453 | D:6      | HP: 1/79 [centaur (5)]
  5453 | D:6      | Slain by a centaur

Illustrated notes

Levels and vault maps discovered:
D:1:      evilmike_arrival_crescent, layout_basic
D:2:      layout_basic
D:3:      layout_rooms, nemelex_altar_shiori, hellmonk_ecumenical_altar_run_dry
D:4:      layout_gridville, minmay_temple_entry_butterflies, serial_shops,
          nicolae_lakefront_shop, hangedman_decor_points, minmay_misc_feat_iff,
          minmay_rat_hole
D:5:      layout_gridville, mainiacjoe_overflow_six_doors_small, serial_shops,
          shop, enter_ossuary_3
D:6:      layout_cave_pools, grunt_temple_overflow_champion_of_chaos
Temple:   compressed_dpeg_triangle_lava_temple

Skill      XL: |  1  2  3  4  5  6  7  8  9 |
---------------+----------------------------+-----
Transmutations | 3 4 |  4.0
Poison Magic   | 1 2 3 4 |  4.0
Unarmed Combat | 4 5 7 9 |  9.5
Dodging        | 5 6 |  6.2
Fighting       | |  1.0
Spellcasting   | |  2.0

Action                     |  1- 3 |  4- 6 |  7- 9 || total
---------------------------+-------+-------+-------++-------
  Melee: Unarmed           |    57 |   157 |   166 ||   380
         Constrict         |    11 |    40 |    20 ||    71
         Tentacles         |     7 |    28 |    23 ||    58
         Punch             |     2 |     5 |     6 ||    13
   Cast: Spider Form       |       |       |    13 ||    13
         Beastly Appendage |       |       |     1 ||     1
 Invoke: Renounce Religion |       |     1 |       ||     1
  Evoke: Wand              |       |     6 |       ||     6
    Use: Potion            |     1 |     1 |     7 ||     9
         Scroll            |       |       |    15 ||    15
   Stab: Sleeping          |     4 |     7 |       ||    11
         Distracted        |     1 |       |       ||     1
 Armour: Skin              |    12 |    10 |     8 ||    30
  Dodge: Dodged            |    32 |    94 |   210 ||   336

Table legend: (Time is in decaauts)
 A = Elapsed time spent in this place.
 B = Non-inter-level travel time spent in this place.
 C = Inter-level travel time spent in this place.
 D = Time resting spent in this place.
 E = Time spent auto-exploring this place.
 F = Levels seen in this place.
 G = Mean time per level.
                   A        B        C        D        E       F      G
               +--------+--------+--------+--------+--------+-----+--------+
         Total |   5393 |   5133 |    260 |    263 |   3748 |   8 |  674.1 |
       Dungeon |   4830 |   4577 |    253 |    155 |   3498 |   6 |  805.0 |
        Temple |     65 |     58 |      7 |      0 |      0 |   1 |   65.0 |
       Ossuary |    497 |    497 |      0 |    108 |    250 |   1 |  497.0 |
               +--------+--------+--------+--------+--------+-----+--------+

Top non-repeatable levels by time:
     D:4: 1360 daAuts
     D:5: 1143 daAuts
     D:1: 749 daAuts
     D:3: 598 daAuts
     D:2: 597 daAuts
 Ossuary: 497 daAuts
     D:6: 381 daAuts
  Temple: 65 daAuts
